 Dungeon Crawl Stone Soup version 0.17-a0-1508-ge7f3dc3 (webtiles) character file.

6781 Chiseanne the Destroyer (level 10, 0/63 HPs)
             Began as a Demonspawn Wizard on July 10, 2015.
             Was a Follower of Vehumet.
             Slain by a yak (11 damage)
             ... on level 10 of the Dungeon.
             The game lasted 00:38:27 (11869 turns).

Chiseanne the Destroyer (Demonspawn Wizard)        Turns: 11869, Time: 00:38:27

Health: 0/63       AC:  6    Str: 10    XL:     10   Next: 76%
Magic:  20/34      EV: 11    Int: 24    God:    Vehumet [*.....]
Gold:   570        SH:  0    Dex: 11    Spells: 6 memorised, 18 levels left

rFire  . . .     SeeInvis .     s - +2 hand axe (venom)
rCold  + . .     Clarity  .     F - +1 leather armour
rNeg   . . .     SustAt   .     (no shield)
rPois  .         Gourm    .     r - +2 hat
rElec  .         Spirit   .     (no cloak)
rCorr  .         Warding  .     (no gloves)
rMut   .         Stasis   .     (no boots)
MR     .....                    h - amulet of regeneration
Stlth  +.........               H - +3 ring of strength
                                m - ring of magical power

@: not resistant to hostile enchantments, very unstealthy
A: hooves 1, cold resistance 1, rot immunity, freezing cloud immunity
a: Renounce Religion


You were on level 10 of the Dungeon.
You worshipped Vehumet.
Vehumet was aware of your devotion.
You were hungry.

You visited 2 branches of the dungeon, and saw 11 of its levels.

You collected 570 gold pieces.

Inventory:

Hand weapons
 a - a +1 dagger of venom
 s - a +2 hand axe of venom (weapon)
 P - a +1 whip of electrocution
 Q - a +0 hand crossbow
Missiles
 f - 7 steel sling bullets
 l - 37 sling bullets
 o - 238 arrows
 x - 4 tomahawks (quivered)
 E - 2 throwing nets
 G - 16 poisoned needles
 L - 16 arrows of frost
 N - 21 bolts
Armour
 q - a +0 large shield
 r - a +2 hat (worn)
 F - a +1 leather armour (worn)
 S - a +0 shield
Jewellery
 h - an amulet of regeneration (around neck)
 m - a ring of magical power (left hand)
 u - an uncursed ring of ice
 H - a +3 ring of strength (right hand)
Magical devices
 b - a wand of confusion (21)
 z - a wand of draining (8)
 B - a wand of fire (1)
 M - a wand of lightning (3)
Scrolls
 n - 2 scrolls of magic mapping
 y - 2 scrolls of immolation
 C - a scroll of remove curse
 K - a scroll of identify
 O - a scroll of recharging
Potions
 e - 2 potions of mutation
 g - a potion of agility
 i - a potion of might {unknown}
 k - 6 potions of curing
 t - a potion of beneficial mutation {unknown}
 v - a potion of magic {unknown}
 w - a potion of degeneration {unknown}
 A - a potion of brilliance {unknown}
 D - 3 potions of cancellation
 I - a potion of experience {unknown}
 J - a potion of flight {unknown}
 R - a potion of lignification {unknown}
Books
 c - a book of Minor Magic

   Spells                             Type                      Level
   a - Magic Dart                     Conjuration                  1
   b - Blink                          Translocation                2
   c - Call Imp                       Summoning                    2
   d - Repel Missiles                 Charms/Air                   2
   e - Slow                           Hexes                        2
   f - Conjure Flame                  Conjuration/Fire             3
   g - Mephitic Cloud                 Conjuration/Poison/Air       3
Comestibles
 d - 8 bread rations
 j - 2 beef jerkies
 p - 3 meat rations


   Skills:
 - Level 1.7 Dodging
 - Level 1.7 Stealth
 + Level 11.0 Spellcasting
 + Level 11.6 Conjurations
 - Level 1.0 Summonings
 - Level 0.8 Translocations


You had 18 spell levels left.
You knew the following spells:

 Your Spells              Type           Power        Failure   Level  Hunger
a - Magic Dart            Conj           ####         1%          1    None
b - Call Imp              Summ           ###.....     10%         2    None
c - Repel Missiles        Chrm/Air       ##....       12%         2    None
d - Mephitic Cloud        Conj/Pois/Air  ####....     4%          3    None
e - Conjure Flame         Conj/Fire      #####...     1%          3    None
f - Blink                 Tloc           N/A          10%         2    None


Dungeon Overview and Level Annotations

Branches:
Dungeon (10/15)            Temple (1/1) D:6
   Lair: D:8-11         Orc: D:9-12

Altars:
Ashenzari
Cheibriados
Dithmenos
Elyvilon
Fedhas
Gozag
Kikubaaqudgha
Makhleb
Nemelex Xobeh
Okawaru
Qazlal
Ru
Sif Muna
Trog
Vehumet
Xom
Yredelemnul
Zin
The Shining One

Shops:
D:7 %

Annotations:
D:2 Sigmund
D:4 exclusion: downstairs
D:8 1 exclusion


Innate Abilities, Weirdness & Mutations

You have large cloven feet.
Your flesh is cold resistant.
You are immune to rotting.
You are immune to freezing clouds.


Message History

An orc skeleton comes into view.
You closely miss the yak.
The yak is engulfed in roaring flames.
The yak barely misses you. 2 zombies come into view.
You hit the yak but do no damage. You kick the yak, but do no damage.
The yak is heavily wounded.
The yak is engulfed in roaring flames. x2
The yak barely misses you.
A yak and a zombie come into view.
The yak bellows!
You hit the yak.
The yak is moderately wounded.
You hit the yak but do no damage.
The yak is poisoned.
The yak is almost dead.
You hit the yak.
The yak is poisoned.
The yak is lightly wounded.
The yak gores you!
The yak is engulfed in roaring flames.
The yak gores you!
* * * LOW HITPOINT WARNING * * *
The yak is engulfed in roaring flames.
The yak gores you!
You die...

################
..........!.....
..$...<.a.......
.......YY.Z.....
.......@YWY.....
......####ZZZ###
#####. .8Z.Z. #
...Z. .....


ZY.. YWZ. You could see 4 yaks, a wraith, a worker ant, 5 orc zombies and 2 orc
skeletons.

Vanquished Creatures
  Pikel (D:9)
  Psyche (D:8)
  A troll (D:9)
  3 wandering mushrooms (D:8)
  A wyvern (D:9)
  4 yaks (D:10)
  A hungry ghost (D:7)
  A water moccasin (D:7)
  3 wargs (D:8)
  A slave (D:9)
  4 ice beasts
  3 phantoms
  2 ogres
  4 sky beasts
  3 centaurs
  6 giant frogs
  3 scorpions
  A water moccasin skeleton (D:9)
  12 killer bees
  2 giant frog skeletons
  A crimson imp (D:8)
  2 iguanas
  A jelly (D:5)
  A centaur zombie (D:7)
  An orc priest (D:8)
  A hound (D:5)
  8 orc wizards
  A killer bee zombie (D:8)
  3 ogre zombies (D:10)
  6 worker ants
  A hound zombie (D:8)
  A worker ant zombie (D:9)
  7 gnolls
  A river rat (D:5)
  3 shadow imps
  13 adders
  An adder zombie (D:9)
  3 adder skeletons
  A worm (D:3)
  5 giant geckos
  19 orcs
  18 bats
  A bat skeleton (D:4)
  5 giant cockroaches
  14 hobgoblins
  6 jackals
  19 kobolds
  3 quokkas
  A ball python (D:5)
  A giant gecko skeleton (D:5)
  A giant gecko zombie (D:5)
  3 giant newts
  11 goblins
  2 goblin zombies (D:10)
  An orc skeleton (D:10)
  4 orc zombies (D:10)
  A quokka skeleton (D:5)
  11 rats
239 creatures vanquished.

Vanquished Creatures (collateral kills)
  A scorpion (D:5)
1 creature vanquished.

Vanquished Creatures (others)
  A hill giant (D:8)
  A giant frog (D:7)
  An adder (D:7)
  An orc (D:7)
4 creatures vanquished.

Grand Total: 244 creatures vanquished

Notes
Turn   | Place    | Note
--------------------------------------------------------------
     0 | D:1      | Chiseanne the Demonspawn Wizard began the quest for the Orb.
     0 | D:1      | Reached XP level 1. HP: 13/13 MP: 4/4
   342 | D:2      | Gained mutation: You are immune to rotting. [demonic ancestry]
   342 | D:2      | Reached XP level 2. HP: 19/19 MP: 1/6
   552 | D:2      | Noticed Sigmund
  1031 | D:1      | Reached XP level 3. HP: 24/24 MP: 2/8
  1672 | D:2      | Learned a level 2 spell: Call Imp
  1675 | D:2      | Learned a level 2 spell: Repel Missiles
  1680 | D:2      | Learned a level 3 spell: Mephitic Cloud
  2407 | D:2      | Reached XP level 4. HP: 30/30 MP: 9/9
  2576 | D:2      | Reached skill level 4 in Spellcasting
  2921 | D:3      | Reached XP level 5. HP: 35/35 MP: 11/11
  3617 | D:4      | Found a shadowy altar of Dithmenos.
  3812 | D:4      | Found an opulent altar of Gozag.
  3819 | D:4      | Found an iron altar of Okawaru.
  3819 | D:4      | Found a basalt altar of Yredelemnul.
  4149 | D:5      | Entered Level 5 of the Dungeon
  4234 | D:5      | Noticed a sky beast
  4240 | D:5      | Noticed a centaur
  4245 | D:5      | Killed a sky beast
  4245 | D:5      | Reached XP level 6. HP: 37/41 MP: 11/13
  4254 | D:5      | Killed a centaur
  4254 | D:5      | Reached skill level 5 in Spellcasting
  4337 | D:5      | Found a snail-covered altar of Cheibriados.
  4448 | D:5      | Reached skill level 5 in Conjurations
  4508 | D:5      | Noticed an ice beast
  4865 | D:6      | Learned a level 3 spell: Conjure Flame
  4868 | D:6      | Learned a level 2 spell: Blink
  5302 | D:6      | Gained mutation: Your flesh is cold resistant. [demonic ancestry]
  5302 | D:6      | Reached XP level 7. HP: 44/46 MP: 15/15
  5465 | D:6      | Found a staircase to the Ecumenical Temple.
  5655 | D:7      | Found Zewniwn's Food Shop.
  5713 | D:7      | HP: 1/46 [ogre/giant club (23)]
  5842 | Temple   | Entered the Ecumenical Temple
  6212 | D:5      | Reached skill level 6 in Spellcasting
  6364 | D:4      | Noticed a phantom
  6373 | D:4      | Killed a phantom
  6553 | D:2      | Found a white marble altar of Elyvilon.
  6624 | D:5      | Noticed an ice beast
  6741 | D:5      | Noticed a phantom
  6757 | D:5      | Killed a phantom
  6882 | D:5      | Killed an ice beast
  6882 | D:5      | Gained mutation: You are immune to freezing clouds. [demonic ancestry]
  6882 | D:5      | Reached XP level 8. HP: 52/52 MP: 8/18
  7413 | D:7      | Reached skill level 7 in Conjurations
  7754 | D:7      | Reached skill level 8 in Conjurations
  7912 | D:7      | Found a sparkling altar of Nemelex Xobeh.
  7937 | D:7      | Found a stormy altar of Qazlal.
  8333 | D:7      | Reached XP level 9. HP: 57/57 MP: 18/21
  8857 | D:8      | Found a staircase to the Lair.
  8867 | D:8      | Found a glowing silver altar of Zin.
  8891 | D:8      | Reached skill level 9 in Conjurations
  9150 | D:8      | Noticed a hill giant
  9166 | D:8      | Killed a hill giant
  9350 | D:8      | Reached skill level 10 in Conjurations
  9754 | D:8      | Gained mutation: You have large cloven feet. [demonic ancestry]
  9754 | D:8      | Reached XP level 10. HP: 63/63 MP: 19/23
  9931 | D:8      | Noticed Psyche
  9943 | D:8      | Killed Psyche
  9943 | D:8      | Reached skill level 10 in Spellcasting
 10110 | D:8      | Killed an ice beast
 10337 | D:8      | Found a shattered altar of Ashenzari.
 10644 | D:9      | Found a radiant altar of Vehumet.
 10655 | D:9      | Became a worshipper of Vehumet
 10750 | D:9      | Found an ancient bone altar of Kikubaaqudgha.
 10900 | D:9      | Found a shadowy altar of Dithmenos.
 11035 | D:9      | You fall through a shaft!
 11035 | D:10     | Entered Level 10 of the Dungeon
 11064 | D:9      | Reached skill level 11 in Conjurations
 11251 | D:9      | Noticed Pikel
 11264 | D:9      | Killed Pikel
 11464 | D:9      | Found a glowing golden altar of the Shining One.
 11813 | D:10     | Acquired Vehumet's first power
 11813 | D:10     | Offered knowledge of Freeze by Vehumet.
 11869 | D:10     | Slain by a yak

Vault maps used:
D:1:      ncdulo_lavacross, hangedman_decor_riveting, st_stairs_11,
          minmay_surrounded
D:2:      nicolae_overflow_hidden_temple, uniq_sigmund
D:3:      first_bread
D:4:      minitemple, overflow_temple_1_default
D:5:      cheibriados_altar_1, portal_sewer_entry_c, st_stairs_12
D:6:      minmay_temple_entry_statues_pillars
D:7:      lemuel_ice_spiral_2, nicolae_qazlal_general_emergency,
          kennysheep_mini_moat, serial_shops, nicolae_shop_trees,
          serial_aquarium, aquarium_bridge_island_small, aquarium_window_fake,
          aquarium_window_1, aquarium_view_2e, aquarium_pool_2
D:8:      lemuel_coloured_pillars_altar, overflow_temple_1_default,
          erik_lair_orcish_takeover, hangedman_tree_tricks, uniq_psyche
D:9:      old_standard_altar, tso_metal_star, lemuel_doored_altar,
          nicolae_dithmenos_shadow_blocks, uniq_pikel
D:10:     dpeg_lair_monsters, zombieorc2_lemuel
Temple:   circular_temple_6

Action                   |  1- 3 |  4- 6 |  7- 9 | 10-12 || total
-------------------------+-------+-------+-------+-------++-------
Melee: Whip              |     2 |       |       |       ||     2
       Dagger            |       |    26 |    22 |       ||    48
       Hand axe          |       |       |    17 |    66 ||    83
 Cast: Magic Dart        |   118 |   137 |   386 |   151 ||   792
       Mephitic Cloud    |     2 |     4 |    15 |     9 ||    30
       Repel Missiles    |     1 |       |     1 |       ||     2
       Call Imp          |       |    10 |       |       ||    10
       Conjure Flame     |       |       |    20 |    23 ||    43
       Blink             |       |       |     2 |     5 ||     7
  Use: Scroll            |    10 |     2 |     5 |     1 ||    18
       Potion            |       |       |     4 |       ||     4
 Stab: Sleeping          |       |       |     2 |       ||     2
       Confused          |       |       |       |     1 ||     1
  Eat: Chunk             |     3 |     9 |    12 |     8 ||    32
       Beef jerky        |     1 |       |     1 |       ||     2
       Royal jelly       |       |       |     1 |       ||     1
